 Dungeon Crawl Stone Soup version 0.27.1-33-g824d729ab1 (webtiles) character file.

Game seed: 6774576566339127529

981 pkoi the Insei (level 7, -1/52 HPs)
             Began as a Pale Draconian Earth Elementalist on Dec 2, 2021.
             Was an Initiate of Ru.
             Splashed by an acid dragon's acid (10 damage)
             ... on level 6 of the Dungeon.
             The game lasted 00:09:52 (7676 turns).

pkoi the Insei (Pale Draconian Earth Elementalist)  Turns: 7676, Time: 00:09:53

Health: -1/52      AC:  6    Str: 11    XL:     7   Next: 96%
Magic:  10/10      EV: 12    Int: 17    God:    Ru [......]
Gold:   309        SH:  0    Dex: 11    Spells: 3/10 levels left

rFire    . . .     SeeInvis .     - Unarmed
rCold    . . .     Faith    .   (no shield)
rNeg     . . .     Spirit   .   (armour unavailable)
rPois    .         Reflect  .   (helmet restricted)
rElec    .         Harm     .   g - scarf {shadows}
rCorr    .         Rampage  .   (no gloves)
Will     +....                  (no boots)
Stlth    ++........             (no amulet)
HPRegen  0.17/turn              d - ring of willpower
MPRegen  0.12/turn              f - +4 ring of protection

@: short of breath, corroded
A: breathe steam, AC +6, unfitting armour, cold-blooded, steam resistance
a: Breathe Steam, Renounce Religion


You were on level 6 of the Dungeon.
You worshipped Ru.
Ru was noncommittal.
You visited 1 branch of the dungeon, and saw 6 of its levels.

You collected 309 gold pieces.

Inventory:

Missiles
 b - 15 stones
Armour
 g - a scarf of shadows (worn)
Jewellery
 d - a ring of willpower (left hand)
 e - a ring of see invisible
 f - a +4 ring of protection (right hand)
 o - a ring of flight
Wands
 k - a wand of polymorph (6)
 l - a wand of flame (13)
 p - a wand of acid (13)
Scrolls
 a - 5 scrolls of blinking
 c - 3 scrolls of teleportation
 m - a scroll of identify
Potions
 h - a potion of flight {unknown}
 i - a potion of curing
 j - a potion of ambrosia
 n - a potion of heal wounds


   Skills:
 + Level 1.0 Fighting
 + Level 2.1 Dodging
 - Level 1.7 Stealth
 * Level 6.1 Unarmed Combat
 + Level 2.2 Spellcasting
 + Level 4.3 Transmutations
 + Level 5.3 Earth Magic


You had 3 spell levels left.
You knew the following spells:

 Your Spells              Type           Power      Damage    Failure   Level
a - Sandblast             Erth           40%        2d10      1%          1
b - Passwall              Tmut/Erth      15%        N/A       3%          2
c - Petrify               Tmut/Erth      18%        N/A       26%         4

Your spell library contained the following spells:

 Spells                   Type           Power      Damage    Failure   Level
 Wereblood                Tmut           16%        N/A       4%          2
 Sting                    Tmut/Pois      36%        1d4       8%          1
 Stone Arrow              Conj/Erth      22%        3d8       19%         3
 Poisonous Vapours        Pois/Air       2%         N/A       28%         2
 Static Discharge         Conj/Air       1%         N/A       28%         2
 Sublimation of Blood     Necr           0%         N/A       28%         2
 Olgreb's Toxic Radiance  Pois           1%         N/A       88%         4
 Lightning Bolt           Conj/Air       0%         1d11      99%         5
 Summon Hydra             Summ           0%         N/A       100%        7
 Maxwell's Capacitive Co  Air            0%         ∞         100%        8


Dungeon Overview and Level Annotations

Branches:
Dungeon (6/15)
 Temple: D:4-7

Altars:
Elyvilon
Fedhas
Nemelex Xobeh
Ru
Sif Muna
Yredelemnul
Zin
Beogh

Shops:
D:5 (

Annotations:
D:4 3 runed translucent doors, Powertoast's ghost, novice NaTm; pkoi's ghost, amateur DrGl; worthlessgem's ghost, amateur FoEE; zeram's ghost, novice SpEn
D:5 Dowan; Duvessa


Innate Abilities, Weirdness & Mutations

You can breathe blasts of scalding, opaque steam.
Your pale cyan-grey scales are hard. (AC +6)
You cannot fit into any form of body armour.
You are cold-blooded and may be slowed by cold attacks.
You are immune to the effects of steam.


Message History

You now have 289 gold pieces (gained 20).
You now have 309 gold pieces (gained 20).
Found a scale mail.
You open the door.
There is an open door here.
You open the large door.
Found 16 arrows.
There is a large open door here.
Found a viscous brown potion and a scroll of brand weapon.
An acid dragon and a gnoll sergeant come into view.
Found a pair of gloves and 16 gold pieces.
Found 13 gold pieces.
The gnoll sergeant shouts!
The acid dragon roars!
The acid dragon spits acid at you. The splash of acid misses you.
The gnoll sergeant hits you from afar with a +0 spear.
A bullfrog skeleton comes into view.
There is a large open door here.
The acid dragon spits acid at you. The splash of acid hits you!
You are splashed with acid!
* * * LOW HITPOINT WARNING * * *
The gnoll sergeant hits you from afar with a +0 spear.
* * * LOW HITPOINT WARNING * * *
The gnoll sergeant hits you from afar with a +0 spear!
* * * LOW HITPOINT WARNING * * *
Press: ? - help, Shift-Dir - straight line, f - acid dragon
Aim: an acid dragon You exhale a blast of scalding steam.
The ball of steam misses the acid dragon.
The acid dragon is engulfed in a cloud of scalding steam.
The acid dragon closely misses you. The acid dragon claws you.
* * * LOW HITPOINT WARNING * * *
You barely miss the acid dragon.
The acid dragon is lightly wounded.
The acid dragon is engulfed in a cloud of scalding steam.
The acid dragon spits acid at you. The splash of acid hits you.
* * * LOW HITPOINT WARNING * * *
The acid corrodes you!
You are splashed with acid!
You die...

#..##≈≈≈≈≈≈≈..≈≈
#..#≈≈≈≈≈≈≈≈..≈≈
#..#≈≈≈≈≈≈≈≈..≈≈
##.#≈≈≈≈≈≈≈#..#≈
#.'.......!..$.
#.g.....(.Z[...
#§#≈≈≈≈≈≈≈#..#≈
#D#≈≈≈≈≈≈≈≈..≈≈
#@#≈≈≈≈≈≈≈≈..≈≈
#.##≈≈≈≈≈≈≈$.≈≈
#..##≈≈≈≈≈≈..≈≈
##.. #.. #.. #..


You could see an acid dragon (catching breath).

Vanquished Creatures
  A sky beast (D:4)
  A necrophage (D:5)
  An ogre (D:4)
  A scorpion (D:4)
  A wyvern skeleton (D:5)
  A howler monkey (D:3)
  A centaur skeleton (D:5)
  2 hounds (D:4)
  A jelly (D:5)
  6 iguanas
  3 orc wizards
  4 gnolls
  10 adders
  A white imp (D:4)
  An ufetubus (D:4)
  An adder skeleton (D:4)
  A worm (D:5)
  2 dart slugs
  6 orcs
  10 ball pythons
  3 bats
  8 endoplasms
  A giant cockroach (D:2)
  5 goblins
  4 hobgoblins
  5 jackals
  2 quokkas
  3 frilled lizards
  5 kobolds
  2 rats (D:3)
93 creatures vanquished.

Vanquished Creatures (others)
  2 withered plants (D:4)
2 creatures vanquished.

Grand Total: 95 creatures vanquished

Notes
Turn   | Place    | Note
-------+----------+-------------------------------------------
     0 | D:1      | pkoi the Draconian Earth Elementalist began the quest for
                  | the Orb.
     0 | D:1      | Reached XP level 1. HP: 14/14 MP: 3/3
   246 | D:1      | Reached skill level 1 in Unarmed Combat
   281 | D:1      | Noticed an orc warrior
   283 | D:1      | Noticed an orc wizard
   296 | D:1      | Reached XP level 2. HP: 16/20 MP: 5/5
   821 | D:1      | Found a faded altar of an unknown god.
  1158 | D:2      | Reached XP level 3. HP: 26/26 MP: 2/6
  1486 | D:2      | Reached skill level 2 in Unarmed Combat
  2033 | D:3      | Reached XP level 4. HP: 33/33 MP: 4/7
  2453 | D:3      | Reached skill level 3 in Unarmed Combat
  2823 | D:4      | Noticed an ogre
  2880 | D:4      | Killed an ogre
  2881 | D:4      | Reached XP level 5. HP: 13/38 MP: 2/8
  3697 | D:4      | Found a runed translucent gate.
  3697 | D:4      | Found a runed translucent gate.
  3697 | D:4      | Found a runed translucent gate.
  3697 | D:4      | Noticed zeram's ghost (novice SpEn)
  3700 | D:4      | Noticed worthlessgem's ghost (amateur FoEE)
  3700 | D:4      | Noticed pkoi's ghost (amateur DrGl)
  3701 | D:4      | Noticed Powertoast's ghost (novice NaTm)
  3820 | D:4      | Reached skill level 4 in Unarmed Combat
  3911 | D:4      | Reached XP level 6. HP: 8/45 MP: 4/9
  4630 | D:4      | Learned a level 2 spell: Passwall
  5372 | D:5      | Entered Level 5 of the Dungeon
  5475 | D:5      | Noticed a water moccasin
  5814 | D:5      | Noticed a sky beast
  5833 | D:4      | Reached skill level 5 in Unarmed Combat
  5997 | D:4      | Killed a sky beast
  5998 | D:4      | Your scales start taking on a pale cyan-grey colour.
  5998 | D:4      | Reached XP level 7. HP: 42/50 MP: 4/10
  5998 | D:4      | Gained mutation: You are immune to the effects of steam.
                  | [Pale Draconian growth]
  6108 | D:5      | Reached skill level 5 in Earth Magic
  6540 | D:5      | Found Xeon's Antique Weapon Shoppe.
  6799 | D:5      | Learned a level 4 spell: Petrify
  7089 | D:5      | Found a sparkling altar of Nemelex Xobeh.
  7089 | D:5      | Found a white marble altar of Elyvilon.
  7094 | D:5      | Found a shimmering blue altar of Sif Muna.
  7095 | D:5      | Found a basalt altar of Yredelemnul.
  7096 | D:5      | Found a sacrificial altar of Ru.
  7096 | D:5      | Found a glowing silver altar of Zin.
  7096 | D:5      | Found a blossoming altar of Fedhas.
  7135 | D:5      | Became a worshipper of Ru the Awakened
  7222 | D:5      | Noticed Duvessa
  7223 | D:5      | Noticed Dowan
  7362 | D:5      | Reached skill level 6 in Unarmed Combat
  7449 | D:6      | Reached skill level 1 in Fighting
  7676 | D:6      | Splashed by an acid dragon's acid

Illustrated notes

Levels and vault maps discovered:
D:1:      erik_arrival_cave_to_civilisation [erik_arrival_cave_to_temple],
          layout_loops_ring, ebering_ecumenical_altar_rust
D:2:      layout_basic
D:3:      layout_loops_ring
D:4:      minmay_chambers_of_threes, layout_basic, gammafunk_ghost_cemetery
D:5:      minmay_clustersquares, layout_basic, minitemple, serial_shops,
          nicolae_shop_crystal, minmay_fractal_squares_5, uniq_duvessa
D:6:      kennysheep_big_flooded_room, layout_gridville

Skill      XL: |  1  2  3  4  5  6  7 |
---------------+----------------------+-----
Unarmed Combat | 1 2 3 4 5 6 |  6.1
Transmutations | 2 3 4 |  4.3
Earth Magic    | 4 5 |  5.3
Dodging        | 2 |  2.1
Fighting       | 1 |  1.0
Stealth        | |  1.7
Spellcasting   | |  2.2

Action                   |  1- 3 |  4- 6 |  7- 9 || total
-------------------------+-------+-------+-------++-------
Melee: Unarmed           |    99 |   211 |   108 ||   418
       Tailslap          |    13 |    23 |    21 ||    57
       Punch             |       |     1 |     5 ||     6
 Cast: Sandblast         |    15 |    38 |    15 ||    68
 Abil: Breathe Steam     |       |       |     2 ||     2
  Use: Scroll            |     4 |     2 |     2 ||     8
       Potion            |       |     5 |       ||     5
 Stab: Sleeping          |     1 |     1 |       ||     2
Armor: Skin              |    35 |    80 |    33 ||   148
Dodge: Dodged            |    67 |   163 |    54 ||   284
